 Dungeon Crawl Stone Soup version 0.31.0-11-ge490571c62 (webtiles) character file.

Game seed: 16101385508483134164

798 Gadfly the Ducker (level 7, -3/48 (52) HPs)
             Began as a Demonspawn Shapeshifter on Jan 27, 2024.
             Slain by a wight
             ... wielding a +0 spear
              (4 damage)
             ... on level 5 of the Dungeon.
             The game lasted 00:06:06 (4105 turns).

Gadfly the Ducker (Demonspawn Shapeshifter)         Turns: 4105, Time: 00:06:07

HP:   -3/48 (52)    AC:  4    Str: 16    XL:     7   Next: 58%
MP:   7/7           EV: 13    Int: 11    God:
Gold: 317           SH:  4    Dex: 12    Spells: 6/6 levels left

rFire   . .          .
                       - Unarmed
rCold   . . .        (no shield)
rNeg    . . .        a - +0 animal skin
rPois   .            m - melded +0 helmet
rElec   .            f - melded +0 cloak
rCorr   +            (gloves currently unavailable)
SInv    .            h - melded +3 pair of boots "Ineommam" {Str+3}
Will    .....        (no amulet)
Stlth   +            j - ring of resist corrosion
HPRegen 0.28/turn    (no ring)
MPRegen 0.10/turn

%: no passive effects
@: beast-form, drained
A: beast (slay +2), foul stench 1, sharp scales 2, condensation shield
a: Begin Untransformation


You were on level 5 of the Dungeon.
You were a hulking beast.
You visited 1 branch of the dungeon, and saw 5 of its levels.

You collected 317 gold pieces.

Inventory:

Hand Weapons
 n - a +1 dagger of speed
Armour
 a - a +0 animal skin (worn)
 f - a +0 cloak (melded)
 h - the +3 pair of boots "Ineommam" (melded) {Str+3}
   (You found it on level 2 of the Dungeon)

   Str+3:     It affects your strength (+3).
 m - a +0 helmet (melded)
 r - the +3 ring mail of Compassion {Will+ Int+3 Stlth+}
   (You found it on level 3 of the Dungeon)

   Int+3:     It affects your intelligence (+3).
   Will+:     It increases your willpower.
   Stlth+:    It makes you more stealthy.
Jewellery
 j - a ring of resist corrosion (left hand)
 p - a ring of ice
Talismans
 c - a beast talisman (active)
 d - a flux talisman
Wands
 o - a wand of acid (9) (quivered)
 v - a wand of roots (7)
Scrolls
 e - 4 scrolls of teleportation
 s - a scroll of enchant weapon
 t - a scroll of identify
Potions
 b - 4 potions of lignification
 g - a potion of attraction {unknown}
 i - 2 potions of berserk rage {unknown}
 k - a potion of degeneration {unknown}
 l - a potion of heal wounds
 q - a potion of curing
 u - a potion of mutation {unknown}


   Skills:
 + Level 3.1 Fighting
 * Level 4.4 Dodging
 + Level 4.0 Unarmed Combat
 * Level 4.2 Evocations
 + Level 3.8 Shapeshifting


You had 6 spell levels left.
You didn't know any spells.
Your spell library contained the following spells:

 Spells                   Type           Power      Damage    Failure   Level
 Kiss of Death            Conj/Necr      0%         2d5       34%         1
 Magic Dart               Conj           0%         1d3       34%         1
 Dazzling Flash           Conj/Hex       0%         N/A       71%         3
 Summon Ice Beast         Ice/Summ       0%         N/A       71%         3
 Volatile Blastmotes      Fire/Tloc      0%         2d10      71%         3
 Flame Wave               Conj/Fire      0%         2d4       98%         4
 Fireball                 Conj/Fire      0%         3d3       100%        5
 Iskenderun's Battlesphe  Conj           0%         2d6       100%        5
 Summon Mana Viper        Hex/Summ       0%         N/A       100%        5
 Bombard                  Conj/Erth      0%         9d1       100%        6
 Starburst                Conj/Fire      0%         6d3       100%        6
 Monstrous Menagerie      Summ           0%         N/A       100%        7
 Spellforged Servitor     Conj/Summ      0%         N/A       100%        7
 Maxwell's Capacitive Co  Air            0%         ∞         100%        8


Dungeon Overview and Level Annotations

Branches:
Dungeon (5/15)
 Temple: D:4-7

Altars:
Ashenzari
Hepliaklqana
Kikubaaqudgha
Okawaru
Xom

Shops:
D:2 =


Innate Abilities, Weirdness & Mutations

You are a hulking beast.
Your limbs bulge with bestial killing power. (Slay +2)
You may rarely emit foul miasma when damaged in melee.
You are mostly covered in razor-sharp scales. (AC +2, Slay +2)
A meltable shield of frost defends you. (SH +4)


Message History

The wight hits you from afar with a +3 spear of freezing.
* * * LOW HITPOINT WARNING * * *
The wight freezes you.
* * * LOW HITPOINT WARNING * * *
You feel much better. The wight closely misses you. The wight misses you.
The wight attacks as it pursues you! The wight hits you with a +0 mace!
You feel drained.
You punch the wight!
The wight is severely damaged.
Aiming: Corrosive Bolt
Press: ? - help, Shift-Dir - straight line, f - wight
Aim: a wight, wielding a +0 long sword and wearing a +0 robe (74% to hit)
The bolt of acid hits the wight!
The acid corrodes the wight!
You destroy the wight!
The bolt of acid hits the wight!
The wight is heavily damaged.
The bolt of acid hits the wight!
The acid corrodes the wight!
You destroy the wight!
The bolt of acid hits the wight!
The acid corrodes the wight!
The wight is heavily damaged.
The wight closely misses you.
Unknown command.
The wight hits you with a +0 spear.
Things that are here:
a +0 mace; a +0 robe You closely miss the wight.
The wight is heavily damaged.
The wight misses you.
You closely miss the wight.
The wight is heavily damaged.
The wight hits you with a +0 spear.
* * * LOW HITPOINT WARNING * * *
You feel drained.
* * * LOW HITPOINT WARNING * * *
You closely miss the wight.
The wight is heavily damaged.
The wight hits you with a +0 spear!
* * * LOW HITPOINT WARNING * * *
You feel drained.
You die...

###
#.############
#<....hzz....#
#.##########.#
#.# #..z.z...
#.# #########
#.# #.# #.#
#.# #########
#.# #.......#
###


You could see 2 wights.

Vanquished Creatures
  A black bear (D:3)
  2 ogres (D:4)
  A scorpion (D:5)
  2 wights (D:5)
  A crimson imp (D:4)
  3 jellies
  Jessica (D:3)
  Ijyb (D:3)
  2 iguanas
  A sleepcap (D:4)
  3 adders
  A dart slug (D:1)
  7 orcs (D:3)
  7 endoplasms
  3 giant cockroaches
  11 goblins
  4 hobgoblins
  6 jackals (D:1)
  7 quokkas
  10 ball pythons
  8 bats
  3 frilled lizards
  A goblin skeleton (D:4)
  A goblin zombie (D:4)
  2 hobgoblin zombies (D:4)
  6 kobolds
  3 kobold skeletons (D:4)
  2 orc zombies (D:4)
  7 rats
107 creatures vanquished.

Notes
Turn   | Place    | Note
-------+----------+-------------------------------------------
     0 | D:1      | Gadfly the Demonspawn Shapeshifter began the quest for the
                  | Orb.
     0 | D:1      | Reached XP level 1. HP: 15/15 MP: 1/1
   214 | D:1      | Found a faded altar of an unknown god.
   389 | D:1      | Gained mutation: You may rarely emit foul miasma when
                  | damaged in melee. [demonic ancestry]
   389 | D:1      | Reached XP level 2. HP: 19/21 MP: 2/2
   525 | D:1      | Reached skill level 1 in Evocations
   735 | D:1      | Gained mutation: You are partially covered in razor-sharp
                  | scales. (AC +1, Slay +1) [demonic ancestry]
   735 | D:1      | Reached XP level 3. HP: 26/26 MP: 3/3
  1171 | D:2      | Found Daamymae's Jewellery Shop.
  1473 | D:2      | Identified the +3 pair of boots "Ineommam" {Str+3}
  1548 | D:2      | Reached XP level 4. HP: 11/32 MP: 4/4
  1648 | D:2      | Got Sif Muna's Discursus on Luminous Cinders
  2023 | D:3      | Noticed a black bear
  2025 | D:3      | Noticed Jessica
  2033 | D:3      | Killed a black bear
  2034 | D:3      | Reached XP level 5. HP: 26/38 MP: 5/5
  2038 | D:3      | Killed Jessica
  2243 | D:3      | Noticed Ijyb
  2258 | D:3      | Killed Ijyb
  2388 | D:3      | Found a hazy altar of Hepliaklqana.
  2648 | D:3      | Found an ancient bone altar of Kikubaaqudgha.
  2656 | D:3      | Identified the +3 ring mail of Compassion {Will+ Int+3
                  | Stlth+}
  2686 | D:3      | Found a shimmering altar of Xom.
  2767 | D:3      | Gained mutation: You are mostly covered in razor-sharp
                  | scales. (AC +2, Slay +2) [demonic ancestry]
  2767 | D:3      | Reached XP level 6. HP: 42/44 MP: 6/6
  3515 | D:4      | Gained mutation: A meltable shield of frost defends you.
                  | (SH +4) [demonic ancestry]
  3515 | D:4      | Reached XP level 7. HP: 33/51 MP: 7/7
  3723 | D:4      | Found a broken altar of Ashenzari.
  3873 | D:4      | Found an iron altar of Okawaru.
  3908 | D:5      | Entered Level 5 of the Dungeon
  4092 | D:5      | HP: 2/49 [wight/+3 spear of freezing (1)]
  4105 | D:5      | HP: 1/50 [wight/+0 spear (10)]
  4105 | D:5      | Slain by a wight

Illustrated notes

Levels and vault maps discovered:
D:1:      saegor_arrival_simple_c, layout_basic,
          chequers_ecumenical_altar_island, hangedman_decor_lopped,
          serial_bayou_pond_d, kennysheep_minor_cross, minmay_split_cup_small
D:2:      layout_loops_cross, serial_shops, nicolae_shop_waterfront
D:3:      layout_rooms, amcnicky_altar_gilded, nicolae_overflow_squiral,
          mrwooster_statue_mirror, uniq_ijyb, uniq_jessica
D:4:      layout_basic, lemuel_round_altar, cheibrodos_ashenzari_chains,
          nicolae_tso_besieged_by_evil, serial_glass, glass_columns_b,
          glass_columns_a, glass_columns_a, glass_columns_a,
          minmay_ogre_servants
D:5:      layout_basic, cheibrodos_sewer_entry_sluice, nicolae_wormholes

Skill      XL: |  1  2  3  4  5  6  7 |
---------------+----------------------+-----
Dodging        | 2 3 4 |  4.4
Evocations     | 1 2 3 4 |  4.2
Unarmed Combat | 3 4 |  4.0
Shapeshifting  | 3 |  3.8
Fighting       | 2 3 |  3.1

Action                     |  1- 3 |  4- 6 |  7- 9 || total
---------------------------+-------+-------+-------++-------
  Melee: Unarmed           |   140 |   144 |    38 ||   322
         Punch             |     4 |     1 |       ||     5
Ability: Begin Untransform |     1 |     2 |       ||     3
  Evoke: Wand              |       |     1 |     1 ||     2
    Use: Scroll            |     5 |     5 |       ||    10
         Potion            |       |     1 |     1 ||     2
   Stab: Sleeping          |     1 |     1 |       ||     2
 Armour: Animal skin       |    69 |    70 |    20 ||   159
  Dodge: Dodged            |   113 |    82 |    19 ||   214
  Block: Other             |       |       |     5 ||     5
   Form: Beast             |     1 |     2 |       ||     3
